3041 views
Uploaded 2020-03-27 22:33:48
Game version 1.32.3
33:41 long 4on4 ladder game on (8)GoldRush
Saved by ChuckleMan
3041 views
Uploaded 2020-03-27 22:33:48
Game version 1.32.3
33:41 long 4on4 ladder game on (8)GoldRush


216 units @ 32.4k
/ 4.8k
115 buildings @ 17.2k
/ 8.3k



| Scroll of Town Portal | 1 | 350 |
| Circlet of Nobility | 1 | 175 |
| Periapt of Vitality | 1 | 325 |
| total: | 3 | 850g |
| Peasant | 43 | 3225 | / | 0 |
| Rifleman | 13 | 2665 | / | 390 |
| Priest | 3 | 405 | / | 30 |
| total: | 59 | 6295g | / | 420w |
| Scout Tower | 10 | 300 | / | 200 |
| Arcane Tower | 3 | 210 | / | 150 |
| Guard Tower | 3 | 210 | / | 150 |
| Altar of Kings | 1 | 180 | / | 50 |
| Farm | 14 | 1120 | / | 280 |
| Blacksmith | 1 | 140 | / | 60 |
| Barracks | 2 | 320 | / | 120 |
| Town Hall | 3 | 1155 | / | 615 |
| Lumber Mill | 1 | 120 | / | 0 |
| Arcane Vault | 1 | 130 | / | 30 |
| Arcane Sanctum | 2 | 300 | / | 280 |
| Keep | 1 | 320 | / | 210 |
| Castle | 1 | 360 | / | 210 |
| total: | 35 | 3765g | / | 1635w |
| 0:03 | Peasant |
| 0:04 | Peasant |
| 0:04 | Peasant |
| 0:05 | Peasant |
| 0:05 | Peasant |
| 0:06 | Peasant |
| 0:08 | Peasant |
| 0:52 | Altar of Kings |
| 1:07 | Farm |
| 1:22 | Farm |
| 1:38 | Scout Tower |
| 1:48 | Peasant |
| 1:48 | Peasant |
| 1:48 | Peasant |
| 1:53 | Blacksmith |
| 2:04 | Arcane Tower |
| 2:18 | Barracks |
| 2:43 | Barracks |
| 2:48 | Farm |
| 2:56 | Farm |
| 3:03 | Farm |
| 3:04 | Farm |
| 3:13 | Farm |
| 3:14 | Farm |
| 3:24 | Storm Bolt |
| 3:27 | Rifleman |
| 3:44 | Rifleman |
| 3:47 | Rifleman |
| 4:07 | Rifleman |
| 4:16 | Rifleman |
| 4:37 | Peasant |
| 4:38 | Peasant |
| 4:40 | Peasant |
| 4:44 | Peasant |
| 4:57 | Peasant |
| 5:36 | Thunder Clap |
| 5:57 | Town Hall |
| 6:44 | Rifleman |
| 6:51 | Lumber Mill |
| 6:55 | Arcane Vault |
| 7:02 | Scout Tower |
| 7:03 | Scout Tower |
| 7:08 | Keep |
| 7:11 | Black Gunpowder |
| 8:01 | Guard Tower |
| 8:26 | Studded Leather Armor |
| 8:35 | Scout Tower |
| 9:24 | Arcane Tower |
| 9:34 | Long Rifles |
| 9:36 | Castle |
| 9:47 | Thunder Clap |
| 10:23 | Peasant |
| 10:23 | Peasant |
| 10:23 | Peasant |
| 10:23 | Peasant |
| 10:23 | Peasant |
| 10:52 | Holy Light |
| 10:53 | Refined Gunpowder |
| 10:54 | Reinforced Leather Armor |
| 11:03 | Arcane Sanctum |
| 11:05 | Arcane Sanctum |
| 11:08 | Farm |
| 11:08 | Farm |
| 11:10 | Farm |
| 11:11 | Farm |
| 11:13 | Farm |
| 11:14 | Farm |
| 11:22 | Circlet of Nobility |
| 11:23 | Periapt of Vitality |
| 12:18 | Rifleman |
| 12:22 | Priest Adept Training |
| 12:34 | Rifleman |
| 13:02 | Improved Lumber Harvesting |
| 13:35 | Peasant |
| 13:35 | Peasant |
| 13:44 | Peasant |
| 13:44 | Peasant |
| 13:44 | Peasant |
| 13:44 | Peasant |
| 13:44 | Peasant |
| 14:09 | Priest Master Training |
| 14:10 | Priest |
| 14:10 | Priest |
| 14:11 | Priest |
| 14:18 | Advanced Lumber Harvesting |
| 14:45 | Brilliance Aura |
| 14:59 | Imbued Gunpowder |
| 16:01 | Rifleman |
| 16:01 | Rifleman |
| 16:07 | Peasant |
| 16:07 | Peasant |
| 16:07 | Peasant |
| 16:08 | Peasant |
| 16:08 | Peasant |
| 16:09 | Peasant |
| 16:32 | Peasant |
| 16:32 | Peasant |
| 16:32 | Peasant |
| 17:49 | Summon Water Elemental |
| 18:17 | Storm Bolt |
| 19:16 | Rifleman |
| 19:24 | Thunder Clap |
| 19:35 | Peasant |
| 19:35 | Peasant |
| 19:35 | Peasant |
| 19:35 | Peasant |
| 19:35 | Peasant |
| 20:01 | Peasant |
| 20:02 | Peasant |
| 20:34 | Rifleman |
| 20:35 | Rifleman |
| 23:23 | Town Hall |
| 23:26 | Scout Tower |
| 23:28 | Scout Tower |
| 23:36 | Town Hall |
| 23:39 | Scout Tower |
| 23:40 | Scout Tower |
| 23:41 | Scout Tower |
| 24:33 | Guard Tower |
| 24:34 | Guard Tower |
| 25:00 | Scout Tower |
| 25:50 | Arcane Tower |
| 27:27 | Scroll of Town Portal |
| 31:17 | Divine Shield |
| Right click | 1050 |
| Select | 198 |
| Select group | 161 |
| Build/train/purchase | 107 |
| Assign group | 24 |
| Use ability | 22 |
| Minimap ping | 2 |
| Misc. action | 1 |
| Remove unit | 1 |


| Peasant | 13 | 975 | / | 0 |
| Footman | 9 | 1215 | / | 0 |
| Knight | 5 | 1225 | / | 300 |
| Priest | 4 | 540 | / | 40 |
| Siege Engine | 6 | 1170 | / | 360 |
| Sorceress | 1 | 155 | / | 20 |
| Rifleman | 1 | 205 | / | 30 |
| total: | 39 | 5485g | / | 750w |
| Altar of Kings | 1 | 180 | / | 50 |
| Farm | 9 | 720 | / | 180 |
| Barracks | 1 | 160 | / | 60 |
| Blacksmith | 1 | 140 | / | 60 |
| Lumber Mill | 1 | 120 | / | 0 |
| Town Hall | 1 | 385 | / | 205 |
| Arcane Sanctum | 3 | 450 | / | 420 |
| Workshop | 1 | 140 | / | 140 |
| Keep | 1 | 320 | / | 210 |
| Castle | 1 | 360 | / | 210 |
| total: | 18 | 2295g | / | 1115w |
| 0:05 | Peasant |
| 0:05 | Peasant |
| 0:11 | Altar of Kings |
| 0:19 | Farm |
| 0:40 | Barracks |
| 0:46 | Farm |
| 0:49 | Peasant |
| 1:31 | Peasant |
| 1:33 | Peasant |
| 1:40 | Farm |
| 1:51 | Peasant |
| 2:08 | Footman |
| 2:09 | Footman |
| 2:13 | Summon Water Elemental |
| 2:35 | Farm |
| 2:52 | Footman |
| 2:52 | Footman |
| 3:04 | Footman |
| 3:47 | Keep |
| 3:49 | Footman |
| 4:37 | Blacksmith |
| 4:40 | Footman |
| 4:41 | Footman |
| 4:43 | Defend |
| 5:12 | Lumber Mill |
| 5:55 | Footman |
| 6:28 | Castle |
| 6:46 | Farm |
| 7:01 | Iron Forged Swords |
| 7:11 | Arcane Sanctum |
| 8:22 | Arcane Sanctum |
| 8:34 | Brilliance Aura |
| 8:55 | Peasant |
| 8:56 | Peasant |
| 10:26 | Priest Adept Training |
| 10:31 | Arcane Sanctum |
| 10:35 | Improved Lumber Harvesting |
| 11:08 | Knight |
| 11:11 | Peasant |
| 11:12 | Peasant |
| 11:12 | Peasant |
| 11:33 | Priest |
| 11:43 | Knight |
| 12:17 | Farm |
| 12:25 | Storm Bolt |
| 13:04 | Priest Master Training |
| 13:09 | Farm |
| 13:49 | Workshop |
| 14:18 | Priest |
| 14:19 | Priest |
| 15:48 | Summon Water Elemental |
| 16:05 | Knight |
| 16:17 | Siege Engine |
| 16:20 | Barrage |
| 16:21 | Siege Engine |
| 16:28 | Sorceress Adept Training |
| 16:30 | Sorceress |
| 16:32 | Knight |
| 16:35 | Advanced Lumber Harvesting |
| 17:09 | Town Hall |
| 17:31 | Siege Engine |
| 17:35 | Priest |
| 18:09 | Rifleman |
| 18:50 | Siege Engine |
| 18:52 | Siege Engine |
| 19:22 | Siege Engine |
| 21:19 | Knight |
| 21:53 | Flying Machine Bombs |
| 22:39 | Peasant |
| 22:39 | Peasant |
| 23:47 | Farm |
| 24:54 | Farm |
| Right click | 874 |
| Select | 278 |
| Build/train/purchase | 83 |
| Resource trade | 22 |
| Assign group | 5 |
| Use ability | 4 |
| Minimap ping | 3 |
| Remove unit | 2 |
| Select group | 2 |
KnoWnNoW
(3)
(32:38) : 


| Staff of Preservation | 3 | 450 |
| Orb of Venom | 1 | 325 |
| Scroll of Town Portal | 6 | 2100 |
| Orb of Corruption | 1 | 375 |
| total: | 11 | 3250g |
| Wisp | 42 | 2520 | / | 0 |
| Archer | 4 | 520 | / | 40 |
| Chimaera | 28 | 9240 | / | 1960 |
| total: | 74 | 12280g | / | 2000w |
| Ancient Protector | 4 | 540 | / | 320 |
| Moon Well | 17 | 3060 | / | 680 |
| Tree of Life | 7 | 2380 | / | 1295 |
| Altar of Elders | 2 | 360 | / | 100 |
| Ancient of War | 1 | 150 | / | 60 |
| Hunter's Hall | 1 | 210 | / | 100 |
| Ancient of Wonders | 2 | 180 | / | 60 |
| Chimaera Roost | 9 | 1260 | / | 1710 |
| Tree of Ages | 2 | 640 | / | 360 |
| Tree of Eternity | 1 | 330 | / | 200 |
| total: | 43 | 8140g | / | 4325w |
| 0:30 | Wisp |
| 0:30 | Wisp |
| 0:30 | Wisp |
| 0:37 | Wisp |
| 0:45 | Moon Well |
| 0:47 | Wisp |
| 0:48 | Wisp |
| 1:00 | Wisp |
| 1:18 | Wisp |
| 1:29 | Wisp |
| 1:37 | Wisp |
| 1:38 | Wisp |
| 1:50 | Tree of Life |
| 2:05 | Altar of Elders |
| 2:20 | Moon Well |
| 2:34 | Wisp |
| 2:46 | Ancient of War |
| 3:24 | Black Arrow |
| 3:27 | Tree of Ages |
| 3:37 | Moon Well |
| 4:54 | Archer |
| 4:55 | Archer |
| 4:59 | Hunter's Hall |
| 5:18 | Wisp |
| 5:18 | Wisp |
| 5:18 | Wisp |
| 5:18 | Wisp |
| 5:18 | Wisp |
| 5:24 | Archer |
| 5:37 | Archer |
| 5:49 | Tree of Life |
| 5:58 | Tree of Eternity |
| 5:59 | Improved Bows |
| 6:14 | Silence |
| 6:16 | Tree of Life |
| 6:47 | Strength of the Wild |
| 7:06 | Wisp |
| 7:06 | Wisp |
| 7:06 | Wisp |
| 7:07 | Wisp |
| 7:07 | Wisp |
| 7:16 | Black Arrow |
| 7:32 | Reinforced Hides |
| 7:37 | Entangling Roots |
| 7:41 | Ancient of Wonders |
| 7:47 | Improved Strength of the Wild |
| 8:22 | Chimaera Roost |
| 8:24 | Chimaera Roost |
| 9:00 | Wisp |
| 9:00 | Wisp |
| 9:00 | Wisp |
| 9:01 | Wisp |
| 9:01 | Wisp |
| 9:01 | Wisp |
| 9:04 | Wisp |
| 9:04 | Wisp |
| 9:05 | Wisp |
| 9:05 | Wisp |
| 9:10 | Chimaera Roost |
| 9:16 | Moon Well |
| 9:22 | Wisp |
| 9:22 | Wisp |
| 9:22 | Wisp |
| 9:35 | Trueshot Aura |
| 9:43 | Wisp |
| 9:52 | Chimaera |
| 10:13 | Wisp |
| 10:16 | Wisp |
| 10:23 | Well Spring |
| 10:27 | Moon Well |
| 10:38 | Chimaera |
| 10:42 | Scroll of Town Portal |
| 10:43 | Staff of Preservation |
| 10:44 | Scroll of Town Portal |
| 10:47 | Orb of Venom |
| 10:58 | Chimaera |
| 11:00 | Moon Well |
| 11:07 | Improved Reinforced Hides |
| 11:26 | Corrosive Breath |
| 11:39 | Thorns Aura |
| 11:42 | Chimaera |
| 12:05 | Chimaera |
| 12:24 | Orb of Corruption |
| 12:29 | Chimaera |
| 12:45 | Tree of Life |
| 13:07 | Advanced Strength of the Wild |
| 13:10 | Chimaera |
| 13:17 | Chimaera Roost |
| 13:37 | Moon Well |
| 13:54 | Nature's Blessing |
| 14:24 | Advanced Reinforced Hides |
| 14:42 | Ultravision |
| 14:52 | Moon Well |
| 14:55 | Moon Well |
| 14:57 | Moon Well |
| 15:31 | Chimaera |
| 15:32 | Chimaera |
| 15:48 | Silence |
| 16:03 | Chimaera |
| 16:03 | Chimaera |
| 16:16 | Searing Arrows |
| 16:21 | Scroll of Town Portal |
| 16:23 | Scroll of Town Portal |
| 16:23 | Staff of Preservation |
| 16:32 | Chimaera |
| 16:44 | Chimaera |
| 17:00 | Chimaera |
| 17:17 | Chimaera |
| 18:23 | Entangling Roots |
| 18:26 | Chimaera |
| 19:35 | Trueshot Aura |
| 19:43 | Black Arrow |
| 19:54 | Ancient Protector |
| 19:55 | Ancient Protector |
| 19:57 | Chimaera |
| 20:33 | Thorns Aura |
| 20:36 | Staff of Preservation |
| 20:55 | Ancient Protector |
| 20:57 | Ancient Protector |
| 20:58 | Wisp |
| 20:58 | Wisp |
| 22:09 | Chimaera |
| 23:17 | Searing Arrows |
| 24:05 | Tree of Life |
| 24:33 | Altar of Elders |
| 24:35 | Moon Well |
| 24:37 | Moon Well |
| 25:33 | Chimaera |
| 25:42 | Chimaera |
| 25:46 | Moon Well |
| 25:49 | Ancient of Wonders |
| 25:50 | Wisp |
| 25:50 | Wisp |
| 26:01 | Chimaera |
| 26:11 | Chimaera Roost |
| 26:13 | Chimaera Roost |
| 26:13 | Chimaera Roost |
| 26:15 | Chimaera Roost |
| 26:17 | Chimaera Roost |
| 26:21 | Moon Well |
| 26:23 | Moon Well |
| 26:23 | Moon Well |
| 26:28 | Moon Well |
| 26:31 | Tree of Ages |
| 26:36 | Chimaera |
| 26:36 | Chimaera |
| 27:46 | Chimaera |
| 27:47 | Chimaera |
| 27:47 | Chimaera |
| 27:47 | Chimaera |
| 28:39 | Entangling Roots |
| 29:10 | Scroll of Town Portal |
| 29:47 | Charm |
| 30:55 | Chimaera |
| 31:00 | Tree of Life |
| 31:06 | Scroll of Town Portal |
| 32:11 | Tree of Life |
| Right click | 1785 |
| Select group | 1264 |
| Assign group | 759 |
| Select | 402 |
| Build/train/purchase | 131 |
| Use ability | 54 |
| Minimap ping | 41 |
| Resource trade | 12 |
| Item give/drop | 5 |
| Misc. action | 4 |


| Rod of Necromancy | 2 | 300 |
| Scroll of Town Portal | 1 | 350 |
| total: | 3 | 650g |
| Acolyte | 15 | 1125 | / | 0 |
| Ghoul | 6 | 720 | / | 0 |
| Crypt Fiend | 14 | 3010 | / | 560 |
| Frost Wyrm | 9 | 3465 | / | 1080 |
| total: | 44 | 8320g | / | 1640w |
| Nerubian Tower | 1 | 100 | / | 20 |
| Spirit Tower | 4 | 580 | / | 160 |
| Altar of Darkness | 1 | 180 | / | 50 |
| Ziggurat | 11 | 1650 | / | 550 |
| Crypt | 1 | 200 | / | 50 |
| Tomb of Relics | 1 | 130 | / | 30 |
| Graveyard | 1 | 215 | / | 0 |
| Necropolis | 1 | 225 | / | 0 |
| Sacrificial Pit | 1 | 75 | / | 150 |
| Boneyard | 2 | 350 | / | 400 |
| Halls of the Dead | 1 | 320 | / | 210 |
| Black Citadel | 1 | 325 | / | 230 |
| total: | 19 | 3025g | / | 1230w |
| 0:03 | Acolyte |
| 0:03 | Acolyte |
| 0:16 | Altar of Darkness |
| 0:22 | Ziggurat |
| 0:38 | Crypt |
| 0:58 | Tomb of Relics |
| 1:17 | Graveyard |
| 1:31 | Ziggurat |
| 1:40 | Nerubian Tower |
| 1:52 | Ghoul |
| 1:52 | Ghoul |
| 2:08 | Ghoul |
| 2:21 | Ghoul |
| 2:27 | Death Coil |
| 2:30 | Rod of Necromancy |
| 2:30 | Rod of Necromancy |
| 2:48 | Ghoul |
| 2:48 | Ghoul |
| 3:20 | Halls of the Dead |
| 3:40 | Crypt Fiend |
| 3:40 | Crypt Fiend |
| 4:01 | Crypt Fiend |
| 4:27 | Unholy Aura |
| 5:00 | Crypt Fiend |
| 5:05 | Ziggurat |
| 5:19 | Ziggurat |
| 5:41 | Acolyte |
| 5:42 | Acolyte |
| 5:42 | Acolyte |
| 5:42 | Acolyte |
| 5:59 | Web |
| 6:00 | Acolyte |
| 6:07 | Burrow |
| 6:47 | Unholy Aura |
| 6:54 | Acolyte |
| 7:12 | Sacrificial Pit |
| 7:15 | Ziggurat |
| 7:20 | Black Citadel |
| 7:49 | Black Arrow |
| 7:52 | Ziggurat |
| 7:54 | Ziggurat |
| 8:02 | Ziggurat |
| 8:04 | Ziggurat |
| 8:16 | Crypt Fiend |
| 8:16 | Crypt Fiend |
| 9:51 | Spirit Tower |
| 10:04 | Acolyte |
| 10:32 | Boneyard |
| 10:34 | Boneyard |
| 10:53 | Spirit Tower |
| 11:07 | Spirit Tower |
| 12:15 | Freezing Breath |
| 12:16 | Frost Wyrm |
| 12:17 | Frost Wyrm |
| 12:26 | Ziggurat |
| 12:28 | Ziggurat |
| 13:02 | Silence |
| 14:09 | Spirit Tower |
| 14:12 | Frost Wyrm |
| 14:12 | Frost Wyrm |
| 14:12 | Frost Wyrm |
| 14:35 | Frost Wyrm |
| 14:35 | Frost Wyrm |
| 15:38 | Scroll of Town Portal |
| 15:50 | Frost Wyrm |
| 15:50 | Frost Wyrm |
| 16:37 | Crypt Fiend |
| 16:38 | Crypt Fiend |
| 16:50 | Crypt Fiend |
| 16:51 | Crypt Fiend |
| 17:42 | Necropolis |
| 18:21 | Death Coil |
| 18:55 | Crypt Fiend |
| 18:55 | Crypt Fiend |
| 18:55 | Crypt Fiend |
| 18:56 | Crypt Fiend |
| 19:04 | Life Drain |
| 19:49 | Unholy Aura |
| 20:36 | Black Arrow |
| 24:32 | Acolyte |
| 24:32 | Acolyte |
| 24:33 | Acolyte |
| 24:33 | Acolyte |
| 24:33 | Acolyte |
| 26:24 | Acolyte |
| 33:17 | Black Arrow |
| Select group | 715 |
| Right click | 701 |
| Select | 349 |
| Build/train/purchase | 84 |
| Use ability | 35 |
| Assign group | 25 |
| Minimap ping | 8 |
| Item give/drop | 3 |
223 units @ 23.6k
/ 2.8k
447 buildings @ 32.7k
/ 17.3k


| Healing Salve | 2 | 200 |
| Lesser Clarity Potion | 2 | 140 |
| Orb of Lightning | 3 | 1125 |
| Potion of Healing | 3 | 450 |
| Scroll of Town Portal | 3 | 1050 |
| Boots of Speed | 2 | 500 |
| Scroll of Regeneration | 2 | 200 |
| total: | 17 | 3665g |
| Peon | 26 | 1950 | / | 0 |
| Grunt | 3 | 600 | / | 0 |
| Spirit Walker | 5 | 975 | / | 175 |
| Tauren | 9 | 2520 | / | 720 |
| Shaman | 8 | 1040 | / | 160 |
| Forest Troll Shadow Priest | 1 | 195 | / | 10 |
| total: | 52 | 7280g | / | 1065w |
| Watch Tower | 8 | 880 | / | 640 |
| Altar of Storms | 3 | 540 | / | 150 |
| Orc Burrow | 11 | 1760 | / | 440 |
| War Mill | 2 | 410 | / | 0 |
| Barracks | 1 | 180 | / | 50 |
| Voodoo Lounge | 1 | 130 | / | 30 |
| Great Hall | 6 | 2310 | / | 1110 |
| Tauren Totem | 2 | 270 | / | 310 |
| Spirit Lodge | 2 | 300 | / | 300 |
| Stronghold | 1 | 315 | / | 190 |
| Fortress | 1 | 325 | / | 190 |
| total: | 36 | 6780g | / | 3030w |
| 0:03 | Peon |
| 0:03 | Peon |
| 0:06 | Altar of Storms |
| 0:08 | Orc Burrow |
| 0:20 | Peon |
| 0:42 | Peon |
| 0:52 | War Mill |
| 1:05 | Barracks |
| 1:22 | Peon |
| 1:34 | Orc Burrow |
| 1:40 | Peon |
| 1:58 | Voodoo Lounge |
| 2:02 | Peon |
| 2:17 | Grunt |
| 2:20 | War Stomp |
| 2:49 | Grunt |
| 3:26 | Stronghold |
| 3:29 | Grunt |
| 3:52 | Steel Melee Weapons |
| 4:18 | Great Hall |
| 4:40 | Forest Troll Shadow Priest |
| 5:00 | Endurance Aura |
| 5:02 | Orc Burrow |
| 5:06 | Orc Burrow |
| 5:16 | Healing Salve |
| 5:23 | Lesser Clarity Potion |
| 6:33 | Tauren Totem |
| 6:36 | Tauren Totem |
| 6:42 | Peon |
| 6:42 | Peon |
| 6:56 | Peon |
| 6:56 | Peon |
| 6:56 | Peon |
| 7:10 | Endurance Aura |
| 7:20 | Pillage |
| 7:23 | Thorium Melee Weapons |
| 7:28 | Healing Wave |
| 7:30 | Peon |
| 7:30 | Peon |
| 7:55 | Boots of Speed |
| 8:03 | Boots of Speed |
| 8:13 | Spirit Walker |
| 8:38 | Fortress |
| 9:47 | Hex |
| 9:58 | Steel Armor |
| 10:04 | Berserker Strength |
| 10:08 | Spirit Walker Adept Training |
| 10:09 | Spirit Walker |
| 10:14 | Spirit Lodge |
| 10:58 | Spirit Lodge |
| 11:02 | War Stomp |
| 11:15 | Peon |
| 11:15 | Peon |
| 11:25 | Orb of Lightning |
| 11:31 | Tauren |
| 11:54 | Peon |
| 11:56 | Peon |
| 12:03 | Shaman Adept Training |
| 12:06 | Orc Burrow |
| 12:09 | Orc Burrow |
| 12:21 | Shaman |
| 12:47 | Great Hall |
| 13:09 | Shaman Master Training |
| 13:16 | Shaman |
| 13:27 | Orb of Lightning |
| 13:45 | Spirit Walker Master Training |
| 13:54 | Shaman |
| 14:51 | Healing Wave |
| 14:56 | Thorium Armor |
| 14:58 | Pulverize |
| 16:01 | Shaman |
| 16:01 | Shaman |
| 16:03 | Tauren |
| 16:04 | Tauren |
| 16:06 | Hex |
| 16:17 | Peon |
| 16:17 | Peon |
| 16:17 | Peon |
| 16:17 | Peon |
| 16:22 | Orc Burrow |
| 16:27 | Watch Tower |
| 16:28 | Watch Tower |
| 16:33 | Scroll of Town Portal |
| 16:33 | Scroll of Town Portal |
| 16:33 | Orb of Lightning |
| 16:39 | Potion of Healing |
| 16:42 | Healing Salve |
| 16:49 | Lesser Clarity Potion |
| 16:56 | Tauren |
| 17:22 | Spirit Walker |
| 17:23 | Spirit Walker |
| 17:48 | Tauren |
| 18:10 | Potion of Healing |
| 18:30 | Potion of Healing |
| 18:53 | Tauren |
| 18:53 | Spirit Walker |
| 18:56 | Shaman |
| 19:01 | Scroll of Regeneration |
| 19:09 | Scroll of Regeneration |
| 19:40 | Great Hall |
| 20:13 | Arcanite Armor |
| 20:19 | Shaman |
| 20:54 | Tauren |
| 21:12 | Reinforced Defenses |
| 21:58 | Endurance Aura |
| 22:04 | Shaman |
| 22:06 | Tauren |
| 22:34 | Scroll of Town Portal |
| 23:05 | Watch Tower |
| 23:06 | Watch Tower |
| 23:06 | Watch Tower |
| 23:07 | Watch Tower |
| 23:08 | Watch Tower |
| 23:08 | Watch Tower |
| 23:32 | Tauren |
| 23:51 | Arcanite Melee Weapons |
| 26:09 | Great Hall |
| 27:07 | Great Hall |
| 27:10 | Altar of Storms |
| 27:14 | War Mill |
| 27:19 | Orc Burrow |
| 27:21 | Orc Burrow |
| 28:18 | Great Hall |
| 30:28 | Reincarnation |
| 30:47 | Altar of Storms |
| 30:49 | Orc Burrow |
| 31:29 | Healing Wave |
| 31:41 | Orc Burrow |
| 32:09 | Peon |
| 32:09 | Peon |
| 32:09 | Peon |
| 32:09 | Peon |
| 33:32 | Big Bad Voodoo |
| 33:33 | War Stomp |
| Select | 469 |
| Right click | 453 |
| Misc. action | 261 |
| Chat | 255 |
| Select group | 228 |
| Build/train/purchase | 131 |
| Use ability | 52 |
| Minimap ping | 12 |
| Esc | 7 |
| Item give/drop | 4 |
| Assign group | 2 |

| Lesser Clarity Potion | 7 | 490 |
| Scroll of Town Portal | 2 | 700 |
| Staff of Teleportation | 1 | 150 |
| Boots of Speed | 1 | 250 |
| Potion of Invisibility | 2 | 200 |
| Healing Salve | 3 | 300 |
| Tiny Great Hall | 1 | 600 |
| Scroll of Speed | 1 | 50 |
| total: | 18 | 2740g |
| Peasant | 67 | 5025 | / | 0 |
| Sorceress | 1 | 155 | / | 20 |
| total: | 68 | 5180g | / | 20w |
| Scout Tower | 301 | 9030 | / | 6020 |
| Arcane Tower | 5 | 350 | / | 250 |
| Guard Tower | 64 | 4480 | / | 3200 |
| Altar of Kings | 1 | 180 | / | 50 |
| Farm | 3 | 240 | / | 60 |
| Lumber Mill | 7 | 840 | / | 0 |
| Town Hall | 10 | 3850 | / | 2050 |
| Arcane Sanctum | 1 | 150 | / | 140 |
| Keep | 2 | 640 | / | 420 |
| Castle | 1 | 360 | / | 210 |
| total: | 323 | 14290g | / | 8320w |
| 0:02 | Altar of Kings |
| 0:06 | Peasant |
| 0:06 | Peasant |
| 0:29 | Farm |
| 0:45 | Peasant |
| 0:52 | Scout Tower |
| 0:56 | Peasant |
| 1:08 | Lumber Mill |
| 1:15 | Peasant |
| 1:24 | Blizzard |
| 1:30 | Farm |
| 1:32 | Arcane Tower |
| 1:44 | Peasant |
| 1:51 | Peasant |
| 1:52 | Peasant |
| 2:11 | Peasant |
| 2:11 | Peasant |
| 2:14 | Farm |
| 2:52 | Peasant |
| 2:52 | Peasant |
| 2:53 | Brilliance Aura |
| 2:57 | Scout Tower |
| 3:03 | Lesser Clarity Potion |
| 3:03 | Healing Salve |
| 3:17 | Peasant |
| 3:25 | Town Hall |
| 3:35 | Peasant |
| 3:45 | Peasant |
| 4:11 | Peasant |
| 4:12 | Peasant |
| 4:13 | Guard Tower |
| 4:26 | Peasant |
| 4:36 | Peasant |
| 4:36 | Peasant |
| 5:09 | Blizzard |
| 5:12 | Scout Tower |
| 5:12 | Scout Tower |
| 5:15 | Scout Tower |
| 5:16 | Scout Tower |
| 5:18 | Scout Tower |
| 5:20 | Scout Tower |
| 5:29 | Town Hall |
| 5:30 | Peasant |
| 5:34 | Peasant |
| 5:51 | Staff of Teleportation |
| 5:51 | Boots of Speed |
| 6:00 | Scout Tower |
| 6:00 | Scout Tower |
| 6:01 | Scout Tower |
| 6:04 | Peasant |
| 6:04 | Peasant |
| 6:07 | Improved Masonry |
| 6:09 | Guard Tower |
| 6:09 | Guard Tower |
| 6:14 | Scout Tower |
| 6:14 | Scout Tower |
| 6:17 | Scout Tower |
| 6:18 | Scout Tower |
| 6:20 | Peasant |
| 6:23 | Peasant |
| 6:30 | Guard Tower |
| 6:32 | Guard Tower |
| 6:43 | Peasant |
| 6:47 | Peasant |
| 6:50 | Lumber Mill |
| 6:53 | Scout Tower |
| 7:01 | Guard Tower |
| 7:03 | Scout Tower |
| 7:04 | Scout Tower |
| 7:06 | Peasant |
| 7:07 | Peasant |
| 7:08 | Peasant |
| 7:37 | Guard Tower |
| 7:38 | Scout Tower |
| 7:39 | Scout Tower |
| 7:41 | Guard Tower |
| 7:42 | Peasant |
| 7:42 | Peasant |
| 8:16 | Guard Tower |
| 8:17 | Scout Tower |
| 8:18 | Scout Tower |
| 8:18 | Scout Tower |
| 8:20 | Guard Tower |
| 8:22 | Scout Tower |
| 8:23 | Scout Tower |
| 8:25 | Lesser Clarity Potion |
| 8:25 | Healing Salve |
| 8:29 | Scout Tower |
| 8:31 | Peasant |
| 8:32 | Keep |
| 8:34 | Guard Tower |
| 8:36 | Scout Tower |
| 8:37 | Scout Tower |
| 8:40 | Peasant |
| 8:40 | Peasant |
| 8:40 | Peasant |
| 8:55 | Scout Tower |
| 8:56 | Scout Tower |
| 8:57 | Scout Tower |
| 8:57 | Scout Tower |
| 9:23 | Guard Tower |
| 9:25 | Scout Tower |
| 9:25 | Scout Tower |
| 9:28 | Guard Tower |
| 9:29 | Scout Tower |
| 9:29 | Scout Tower |
| 10:02 | Guard Tower |
| 10:03 | Scout Tower |
| 10:03 | Scout Tower |
| 10:09 | Keep |
| 10:13 | Guard Tower |
| 10:39 | Scout Tower |
| 10:41 | Scout Tower |
| 10:42 | Guard Tower |
| 10:44 | Scout Tower |
| 10:47 | Scout Tower |
| 10:47 | Scout Tower |
| 10:48 | Scout Tower |
| 10:48 | Scout Tower |
| 10:49 | Scout Tower |
| 10:50 | Scout Tower |
| 10:50 | Scout Tower |
| 10:51 | Scout Tower |
| 10:51 | Scout Tower |
| 10:52 | Scout Tower |
| 10:55 | Lesser Clarity Potion |
| 10:55 | Lesser Clarity Potion |
| 10:56 | Scroll of Town Portal |
| 11:00 | Guard Tower |
| 11:02 | Scout Tower |
| 11:03 | Scout Tower |
| 11:03 | Scout Tower |
| 11:03 | Scout Tower |
| 11:04 | Scout Tower |
| 11:04 | Scout Tower |
| 11:05 | Scout Tower |
| 11:05 | Scout Tower |
| 11:06 | Scout Tower |
| 11:06 | Scout Tower |
| 11:09 | Scout Tower |
| 11:09 | Scout Tower |
| 11:10 | Scout Tower |
| 11:10 | Scout Tower |
| 11:11 | Scout Tower |
| 11:12 | Scout Tower |
| 11:13 | Scout Tower |
| 11:13 | Scout Tower |
| 11:14 | Scout Tower |
| 11:14 | Scout Tower |
| 11:15 | Scout Tower |
| 11:15 | Scout Tower |
| 11:18 | Potion of Invisibility |
| 11:26 | Guard Tower |
| 11:27 | Scout Tower |
| 11:28 | Scout Tower |
| 11:28 | Scout Tower |
| 11:29 | Scout Tower |
| 11:30 | Scout Tower |
| 11:30 | Scout Tower |
| 11:31 | Scout Tower |
| 11:34 | Guard Tower |
| 11:38 | Scout Tower |
| 11:38 | Scout Tower |
| 11:43 | Improved Lumber Harvesting |
| 11:44 | Advanced Masonry |
| 11:49 | Peasant |
| 11:49 | Peasant |
| 11:49 | Peasant |
| 11:49 | Peasant |
| 11:50 | Peasant |
| 11:50 | Peasant |
| 11:52 | Imbued Masonry |
| 11:54 | Guard Tower |
| 12:05 | Guard Tower |
| 12:44 | Guard Tower |
| 12:49 | Scout Tower |
| 12:49 | Scout Tower |
| 12:50 | Scout Tower |
| 12:50 | Scout Tower |
| 12:50 | Scout Tower |
| 13:02 | Guard Tower |
| 13:03 | Scout Tower |
| 13:04 | Scout Tower |
| 13:04 | Scout Tower |
| 13:05 | Scout Tower |
| 13:06 | Castle |
| 13:18 | Brilliance Aura |
| 13:25 | Guard Tower |
| 13:30 | Lesser Clarity Potion |
| 13:31 | Lesser Clarity Potion |
| 13:34 | Tiny Great Hall |
| 13:50 | Scout Tower |
| 13:51 | Scout Tower |
| 13:51 | Scout Tower |
| 13:52 | Scout Tower |
| 13:52 | Scout Tower |
| 13:53 | Scout Tower |
| 13:54 | Scout Tower |
| 13:54 | Scout Tower |
| 13:55 | Scout Tower |
| 13:55 | Scout Tower |
| 13:56 | Scout Tower |
| 13:57 | Scout Tower |
| 13:57 | Scout Tower |
| 14:03 | Arcane Sanctum |
| 14:11 | Arcane Tower |
| 14:22 | Guard Tower |
| 14:53 | Guard Tower |
| 14:56 | Guard Tower |
| 15:00 | Lumber Mill |
| 15:15 | Guard Tower |
| 15:19 | Scout Tower |
| 15:20 | Scout Tower |
| 15:20 | Scout Tower |
| 15:25 | Peasant |
| 15:25 | Peasant |
| 15:26 | Peasant |
| 15:26 | Peasant |
| 15:26 | Peasant |
| 15:27 | Peasant |
| 15:28 | Guard Tower |
| 15:44 | Town Hall |
| 15:46 | Peasant |
| 15:46 | Peasant |
| 15:46 | Peasant |
| 15:47 | Peasant |
| 15:47 | Peasant |
| 15:51 | Advanced Lumber Harvesting |
| 16:07 | Town Hall |
| 16:09 | Guard Tower |
| 16:36 | Blizzard |
| 16:39 | Guard Tower |
| 16:46 | Guard Tower |
| 16:48 | Scout Tower |
| 16:48 | Scout Tower |
| 16:49 | Scout Tower |
| 16:51 | Lesser Clarity Potion |
| 16:51 | Healing Salve |
| 16:55 | Scroll of Speed |
| 17:00 | Peasant |
| 17:00 | Peasant |
| 17:01 | Peasant |
| 17:07 | Scout Tower |
| 17:07 | Scout Tower |
| 17:08 | Scout Tower |
| 17:09 | Scout Tower |
| 17:10 | Scout Tower |
| 17:11 | Scout Tower |
| 17:12 | Scout Tower |
| 17:12 | Scout Tower |
| 17:14 | Scout Tower |
| 17:14 | Scout Tower |
| 17:15 | Scout Tower |
| 17:16 | Scout Tower |
| 17:16 | Scout Tower |
| 17:17 | Scout Tower |
| 17:17 | Scout Tower |
| 17:18 | Scout Tower |
| 17:19 | Scout Tower |
| 17:20 | Scout Tower |
| 17:20 | Scout Tower |
| 17:24 | Potion of Invisibility |
| 17:25 | Scroll of Town Portal |
| 17:34 | Lumber Mill |
| 17:38 | Magic Sentry |
| 17:40 | Sorceress |
| 17:44 | Sorceress Adept Training |
| 18:23 | Scout Tower |
| 18:23 | Scout Tower |
| 18:24 | Scout Tower |
| 18:24 | Scout Tower |
| 18:25 | Scout Tower |
| 18:25 | Scout Tower |
| 18:25 | Scout Tower |
| 18:26 | Scout Tower |
| 18:26 | Scout Tower |
| 18:26 | Scout Tower |
| 18:26 | Scout Tower |
| 18:26 | Scout Tower |
| 18:27 | Scout Tower |
| 18:27 | Scout Tower |
| 18:27 | Scout Tower |
| 18:30 | Guard Tower |
| 18:32 | Peasant |
| 18:32 | Peasant |
| 18:32 | Peasant |
| 18:33 | Peasant |
| 18:33 | Peasant |
| 18:35 | Peasant |
| 18:35 | Peasant |
| 18:35 | Peasant |
| 18:35 | Peasant |
| 18:42 | Arcane Tower |
| 19:04 | Guard Tower |
| 19:09 | Guard Tower |
| 19:15 | Guard Tower |
| 19:31 | Mass Teleport |
| 20:06 | Guard Tower |
| 20:12 | Scout Tower |
| 20:13 | Scout Tower |
| 20:13 | Scout Tower |
| 20:13 | Scout Tower |
| 20:13 | Scout Tower |
| 20:14 | Scout Tower |
| 20:14 | Scout Tower |
| 20:14 | Scout Tower |
| 20:14 | Scout Tower |
| 20:15 | Scout Tower |
| 20:15 | Scout Tower |
| 20:15 | Scout Tower |
| 20:15 | Scout Tower |
| 20:16 | Scout Tower |
| 20:16 | Scout Tower |
| 20:17 | Scout Tower |
| 20:17 | Scout Tower |
| 20:17 | Scout Tower |
| 20:17 | Scout Tower |
| 20:17 | Scout Tower |
| 20:18 | Scout Tower |
| 20:18 | Scout Tower |
| 20:19 | Scout Tower |
| 20:19 | Scout Tower |
| 20:19 | Scout Tower |
| 20:19 | Scout Tower |
| 20:19 | Scout Tower |
| 20:19 | Scout Tower |
| 20:20 | Scout Tower |
| 20:20 | Scout Tower |
| 20:20 | Scout Tower |
| 20:20 | Scout Tower |
| 20:20 | Scout Tower |
| 20:25 | Guard Tower |
| 20:36 | Guard Tower |
| 20:39 | Arcane Tower |
| 21:02 | Scout Tower |
| 21:02 | Scout Tower |
| 21:02 | Scout Tower |
| 21:02 | Scout Tower |
| 21:03 | Scout Tower |
| 21:03 | Scout Tower |
| 21:03 | Scout Tower |
| 21:03 | Scout Tower |
| 21:03 | Scout Tower |
| 21:03 | Scout Tower |
| 21:04 | Scout Tower |
| 21:04 | Scout Tower |
| 21:04 | Scout Tower |
| 21:04 | Scout Tower |
| 21:04 | Scout Tower |
| 21:14 | Lumber Mill |
| 21:42 | Guard Tower |
| 21:58 | Guard Tower |
| 22:00 | Guard Tower |
| 22:29 | Arcane Tower |
| 22:42 | Guard Tower |
| 23:03 | Guard Tower |
| 23:05 | Guard Tower |
| 23:09 | Lumber Mill |
| 23:28 | Town Hall |
| 24:11 | Guard Tower |
| 24:28 | Sorceress Master Training |
| 24:44 | Brilliance Aura |
| 24:57 | Guard Tower |
| 25:44 | Scout Tower |
| 25:45 | Scout Tower |
| 25:46 | Scout Tower |
| 25:46 | Scout Tower |
| 25:46 | Scout Tower |
| 25:46 | Scout Tower |
| 25:46 | Scout Tower |
| 25:47 | Scout Tower |
| 25:47 | Scout Tower |
| 25:47 | Scout Tower |
| 26:18 | Guard Tower |
| 26:38 | Scout Tower |
| 26:38 | Scout Tower |
| 26:38 | Scout Tower |
| 26:39 | Scout Tower |
| 26:39 | Scout Tower |
| 26:39 | Scout Tower |
| 26:39 | Scout Tower |
| 26:40 | Scout Tower |
| 26:40 | Scout Tower |
| 26:40 | Scout Tower |
| 26:40 | Scout Tower |
| 26:40 | Scout Tower |
| 26:40 | Scout Tower |
| 26:41 | Scout Tower |
| 26:41 | Scout Tower |
| 26:41 | Scout Tower |
| 26:41 | Scout Tower |
| 26:42 | Scout Tower |
| 26:42 | Scout Tower |
| 26:51 | Guard Tower |
| 26:55 | Scout Tower |
| 26:55 | Scout Tower |
| 26:55 | Scout Tower |
| 26:55 | Scout Tower |
| 26:56 | Scout Tower |
| 26:56 | Scout Tower |
| 26:56 | Scout Tower |
| 26:56 | Scout Tower |
| 26:56 | Scout Tower |
| 26:57 | Scout Tower |
| 26:57 | Scout Tower |
| 26:57 | Scout Tower |
| 26:57 | Scout Tower |
| 26:58 | Scout Tower |
| 26:58 | Scout Tower |
| 26:58 | Scout Tower |
| 26:58 | Scout Tower |
| 26:58 | Scout Tower |
| 26:58 | Scout Tower |
| 26:59 | Scout Tower |
| 26:59 | Scout Tower |
| 26:59 | Scout Tower |
| 26:59 | Scout Tower |
| 26:59 | Scout Tower |
| 26:59 | Scout Tower |
| 27:00 | Scout Tower |
| 27:00 | Scout Tower |
| 27:00 | Scout Tower |
| 27:00 | Scout Tower |
| 27:04 | Guard Tower |
| 27:21 | Guard Tower |
| 27:28 | Guard Tower |
| 28:01 | Guard Tower |
| 28:07 | Town Hall |
| 28:13 | Summon Water Elemental |
| 28:15 | Guard Tower |
| 28:17 | Scout Tower |
| 28:17 | Scout Tower |
| 28:20 | Guard Tower |
| 29:14 | Guard Tower |
| 29:41 | Town Hall |
| 29:42 | Scout Tower |
| 29:42 | Scout Tower |
| 29:42 | Scout Tower |
| 29:42 | Scout Tower |
| 29:43 | Scout Tower |
| 29:43 | Scout Tower |
| 29:43 | Scout Tower |
| 29:44 | Scout Tower |
| 29:44 | Scout Tower |
| 29:44 | Scout Tower |
| 29:44 | Scout Tower |
| 29:44 | Scout Tower |
| 29:45 | Scout Tower |
| 29:46 | Scout Tower |
| 29:46 | Scout Tower |
| 29:46 | Scout Tower |
| 29:47 | Scout Tower |
| 29:47 | Scout Tower |
| 29:48 | Scout Tower |
| 29:48 | Scout Tower |
| 29:48 | Scout Tower |
| 29:48 | Scout Tower |
| 29:49 | Scout Tower |
| 29:50 | Scout Tower |
| 29:50 | Scout Tower |
| 29:50 | Scout Tower |
| 29:50 | Scout Tower |
| 29:50 | Scout Tower |
| 29:55 | Lumber Mill |
| 30:01 | Town Hall |
| 30:12 | Guard Tower |
| 30:26 | Town Hall |
| 30:54 | Peasant |
| 30:57 | Guard Tower |
| 31:00 | Scout Tower |
| 31:00 | Scout Tower |
| 31:01 | Scout Tower |
| 31:02 | Scout Tower |
| 31:02 | Scout Tower |
| 31:02 | Scout Tower |
| 31:03 | Scout Tower |
| 31:03 | Scout Tower |
| 31:04 | Scout Tower |
| 31:04 | Scout Tower |
| 31:06 | Guard Tower |
| 31:17 | Scout Tower |
| 31:17 | Scout Tower |
| 31:17 | Scout Tower |
| 31:40 | Guard Tower |
| 31:43 | Guard Tower |
| 31:57 | Scout Tower |
| 31:57 | Scout Tower |
| 31:58 | Scout Tower |
| 31:58 | Scout Tower |
| 31:58 | Scout Tower |
| 31:58 | Scout Tower |
| 31:59 | Scout Tower |
| 31:59 | Scout Tower |
| 33:04 | Guard Tower |
| 33:12 | Town Hall |
| 33:15 | Guard Tower |
| 33:22 | Guard Tower |
| Right click | 972 |
| Select group | 414 |
| Select | 326 |
| Chat | 257 |
| Build/train/purchase | 211 |
| Use ability | 124 |
| Assign group | 73 |
| Misc. action | 24 |
| Esc | 6 |
| Item give/drop | 3 |
| Minimap ping | 2 |



| Scroll of Regeneration | 1 | 100 |
| Potion of Healing | 1 | 150 |
| Orb of Fire | 1 | 325 |
| Ivory Tower | 4 | 160 |
| Scroll of Town Portal | 4 | 1400 |
| Boots of Speed | 1 | 250 |
| Staff of Teleportation | 1 | 150 |
| Periapt of Vitality | 1 | 325 |
| total: | 14 | 2860g |
| Peasant | 29 | 2175 | / | 0 |
| Footman | 5 | 675 | / | 0 |
| Mortar Team | 6 | 1080 | / | 420 |
| Flying Machine | 16 | 1600 | / | 480 |
| Sorceress | 1 | 155 | / | 20 |
| total: | 57 | 5685g | / | 920w |
| Scout Tower | 3 | 90 | / | 60 |
| Arcane Tower | 2 | 140 | / | 100 |
| Guard Tower | 2 | 140 | / | 100 |
| Farm | 15 | 1200 | / | 300 |
| Barracks | 2 | 320 | / | 120 |
| Altar of Kings | 2 | 360 | / | 100 |
| Lumber Mill | 4 | 480 | / | 0 |
| Arcane Vault | 1 | 130 | / | 30 |
| Town Hall | 4 | 1540 | / | 820 |
| Blacksmith | 1 | 140 | / | 60 |
| Workshop | 5 | 700 | / | 700 |
| Arcane Sanctum | 3 | 450 | / | 420 |
| Keep | 1 | 320 | / | 210 |
| Castle | 1 | 360 | / | 210 |
| total: | 40 | 5410g | / | 2610w |
| 0:04 | Peasant |
| 0:05 | Peasant |
| 0:24 | Peasant |
| 0:35 | Peasant |
| 0:45 | Peasant |
| 0:51 | Farm |
| 0:52 | Farm |
| 0:55 | Peasant |
| 1:07 | Barracks |
| 1:08 | Altar of Kings |
| 1:10 | Peasant |
| 1:22 | Barracks |
| 1:27 | Peasant |
| 1:29 | Farm |
| 1:39 | Scout Tower |
| 1:52 | Peasant |
| 2:06 | Lumber Mill |
| 2:09 | Arcane Tower |
| 2:20 | Farm |
| 2:21 | Footman |
| 2:26 | Lumber Mill |
| 2:33 | Peasant |
| 2:52 | Defend |
| 2:56 | Peasant |
| 3:06 | Scout Tower |
| 3:10 | Footman |
| 3:20 | Blizzard |
| 3:24 | Footman |
| 3:29 | Farm |
| 3:45 | Arcane Tower |
| 3:50 | Footman |
| 4:07 | Arcane Vault |
| 4:10 | Peasant |
| 4:46 | Town Hall |
| 5:13 | Brilliance Aura |
| 5:20 | Keep |
| 5:34 | Blacksmith |
| 5:41 | Scroll of Regeneration |
| 5:51 | Footman |
| 6:46 | Peasant |
| 6:46 | Peasant |
| 6:46 | Peasant |
| 6:48 | Black Gunpowder |
| 6:49 | Studded Leather Armor |
| 6:56 | Improved Masonry |
| 7:18 | Blizzard |
| 7:47 | Castle |
| 8:01 | Improved Lumber Harvesting |
| 8:15 | Workshop |
| 8:20 | Workshop |
| 8:22 | Workshop |
| 8:41 | Boots of Speed |
| 8:45 | Staff of Teleportation |
| 8:49 | Periapt of Vitality |
| 8:59 | Refined Gunpowder |
| 9:25 | Brilliance Aura |
| 9:39 | Mortar Team |
| 9:43 | Farm |
| 9:43 | Farm |
| 10:21 | Mortar Team |
| 10:25 | Advanced Lumber Harvesting |
| 10:27 | Lumber Mill |
| 11:04 | Mortar Team |
| 11:11 | Arcane Sanctum |
| 11:14 | Arcane Sanctum |
| 11:21 | Arcane Sanctum |
| 11:31 | Potion of Healing |
| 12:10 | Fragmentation Shards |
| 12:10 | Flare |
| 12:22 | Holy Light |
| 12:31 | Scroll of Town Portal |
| 12:34 | Sorceress Adept Training |
| 12:35 | Magic Sentry |
| 12:54 | Farm |
| 12:55 | Farm |
| 12:58 | Farm |
| 13:30 | Advanced Masonry |
| 13:31 | Imbued Gunpowder |
| 14:06 | Mortar Team |
| 14:13 | Flying Machine |
| 14:13 | Flying Machine |
| 14:13 | Flying Machine |
| 14:37 | Flying Machine |
| 15:05 | Flak Cannons |
| 15:34 | Flying Machine |
| 15:47 | Mortar Team |
| 15:48 | Flying Machine |
| 16:09 | Sorceress |
| 16:34 | Scroll of Town Portal |
| 16:34 | Scroll of Town Portal |
| 16:35 | Orb of Fire |
| 17:35 | Reinforced Leather Armor |
| 17:43 | Town Hall |
| 17:47 | Town Hall |
| 18:37 | Scroll of Town Portal |
| 19:09 | Blizzard |
| 19:46 | Peasant |
| 19:49 | Flying Machine |
| 19:53 | Workshop |
| 19:56 | Workshop |
| 20:15 | Flying Machine |
| 20:24 | Altar of Kings |
| 20:32 | Flying Machine |
| 20:39 | Lumber Mill |
| 20:41 | Peasant |
| 20:41 | Peasant |
| 20:41 | Peasant |
| 20:41 | Peasant |
| 21:02 | Iron Plating |
| 21:11 | Flying Machine |
| 22:21 | Peasant |
| 22:21 | Peasant |
| 22:21 | Peasant |
| 22:21 | Peasant |
| 22:31 | Flying Machine Bombs |
| 22:35 | Flying Machine |
| 22:52 | Ivory Tower |
| 22:52 | Ivory Tower |
| 23:03 | Scout Tower |
| 23:23 | Steel Plating |
| 23:25 | Flying Machine |
| 24:31 | Flying Machine |
| 24:33 | Flying Machine |
| 24:33 | Flying Machine |
| 25:03 | Flying Machine |
| 25:08 | Town Hall |
| 26:14 | Imbued Masonry |
| 26:40 | Ivory Tower |
| 26:41 | Ivory Tower |
| 27:00 | Guard Tower |
| 27:13 | Guard Tower |
| 29:00 | Peasant |
| 29:01 | Peasant |
| 29:28 | Mithril Plating |
| 31:39 | Farm |
| 31:39 | Farm |
| 31:40 | Farm |
| 32:12 | Peasant |
| 32:12 | Peasant |
| 32:12 | Peasant |
| 33:09 | Storm Bolt |
| 33:09 | Thunder Clap |
| 33:12 | Devotion Aura |
| 33:15 | Mortar Team |
| 33:18 | Farm |
| 33:19 | Farm |
| Right click | 946 |
| Select group | 428 |
| Select | 425 |
| Assign group | 156 |
| Build/train/purchase | 137 |
| Misc. action | 33 |
| Use ability | 33 |
| Chat | 18 |
| Esc | 12 |
| Item give/drop | 4 |
| Minimap ping | 1 |


| Scroll of Town Portal | 2 | 700 |
| total: | 2 | 700g |
| Peasant | 26 | 1950 | / | 0 |
| Rifleman | 6 | 1230 | / | 180 |
| Flying Machine | 8 | 800 | / | 240 |
| Spell Breaker | 1 | 215 | / | 30 |
| Gryphon Rider | 3 | 840 | / | 210 |
| Siege Engine | 2 | 390 | / | 120 |
| total: | 46 | 5425g | / | 780w |
| Scout Tower | 8 | 240 | / | 160 |
| Guard Tower | 7 | 490 | / | 350 |
| Blacksmith | 2 | 280 | / | 120 |
| Farm | 15 | 1200 | / | 300 |
| Altar of Kings | 3 | 540 | / | 150 |
| Barracks | 1 | 160 | / | 60 |
| Lumber Mill | 2 | 240 | / | 0 |
| Arcane Vault | 2 | 260 | / | 60 |
| Town Hall | 5 | 1925 | / | 1025 |
| Workshop | 5 | 700 | / | 700 |
| Arcane Sanctum | 1 | 150 | / | 140 |
| Gryphon Aviary | 4 | 560 | / | 600 |
| Keep | 2 | 640 | / | 420 |
| Castle | 2 | 720 | / | 420 |
| total: | 48 | 6255g | / | 3315w |
| 0:06 | Peasant |
| 0:06 | Peasant |
| 0:07 | Peasant |
| 0:08 | Peasant |
| 1:06 | Blacksmith |
| 1:14 | Farm |
| 1:22 | Altar of Kings |
| 1:29 | Farm |
| 1:37 | Peasant |
| 1:45 | Barracks |
| 1:57 | Farm |
| 2:14 | Peasant |
| 2:15 | Peasant |
| 2:46 | Farm |
| 2:57 | Rifleman |
| 3:15 | Rifleman |
| 3:37 | Rifleman |
| 3:44 | Farm |
| 3:48 | Lumber Mill |
| 3:52 | Summon Water Elemental |
| 4:15 | Scout Tower |
| 4:24 | Farm |
| 4:27 | Rifleman |
| 5:06 | Arcane Vault |
| 5:08 | Guard Tower |
| 5:11 | Scout Tower |
| 5:16 | Peasant |
| 5:17 | Peasant |
| 5:46 | Guard Tower |
| 5:55 | Improved Masonry |
| 6:06 | Brilliance Aura |
| 6:19 | Keep |
| 6:42 | Rifleman |
| 6:44 | Rifleman |
| 7:23 | Town Hall |
| 8:03 | Summon Water Elemental |
| 8:19 | Advanced Masonry |
| 8:26 | Black Gunpowder |
| 9:12 | Peasant |
| 9:12 | Peasant |
| 9:13 | Peasant |
| 9:13 | Peasant |
| 9:57 | Brilliance Aura |
| 10:15 | Workshop |
| 10:17 | Workshop |
| 10:20 | Workshop |
| 10:27 | Blacksmith |
| 10:43 | Workshop |
| 10:45 | Workshop |
| 10:50 | Arcane Sanctum |
| 10:55 | Castle |
| 11:56 | Flak Cannons |
| 11:57 | Flying Machine |
| 12:04 | Improved Lumber Harvesting |
| 12:14 | Spell Breaker |
| 12:34 | Farm |
| 12:40 | Flying Machine |
| 12:56 | Flying Machine |
| 13:10 | Divine Shield |
| 13:57 | Flying Machine Bombs |
| 14:01 | Flying Machine |
| 14:16 | Scroll of Town Portal |
| 14:22 | Flying Machine |
| 14:57 | Flying Machine |
| 14:57 | Flying Machine |
| 14:58 | Flying Machine |
| 15:30 | Summon Water Elemental |
| 16:25 | Barrage |
| 16:31 | Farm |
| 16:33 | Imbued Masonry |
| 16:34 | Advanced Lumber Harvesting |
| 17:10 | Siege Engine |
| 17:11 | Siege Engine |
| 17:17 | Peasant |
| 17:18 | Peasant |
| 18:05 | Devotion Aura |
| 18:37 | Scroll of Town Portal |
| 19:00 | Mass Teleport |
| 19:18 | Devotion Aura |
| 20:54 | Altar of Kings |
| 20:56 | Gryphon Aviary |
| 21:01 | Gryphon Aviary |
| 21:04 | Gryphon Aviary |
| 21:09 | Gryphon Aviary |
| 21:12 | Altar of Kings |
| 21:17 | Farm |
| 21:20 | Farm |
| 23:10 | Town Hall |
| 23:19 | Town Hall |
| 23:22 | Arcane Vault |
| 24:02 | Farm |
| 24:50 | Farm |
| 24:55 | Peasant |
| 24:56 | Peasant |
| 24:56 | Peasant |
| 25:02 | Scout Tower |
| 25:10 | Lumber Mill |
| 25:32 | Keep |
| 26:12 | Peasant |
| 26:12 | Peasant |
| 26:12 | Peasant |
| 26:12 | Peasant |
| 26:15 | Guard Tower |
| 26:20 | Scout Tower |
| 26:21 | Peasant |
| 26:21 | Peasant |
| 26:21 | Peasant |
| 26:22 | Peasant |
| 27:00 | Guard Tower |
| 27:03 | Scout Tower |
| 27:17 | Farm |
| 27:46 | Guard Tower |
| 27:51 | Scout Tower |
| 28:16 | Castle |
| 28:34 | Farm |
| 28:43 | Guard Tower |
| 28:48 | Scout Tower |
| 29:23 | Guard Tower |
| 29:32 | Scout Tower |
| 30:44 | Town Hall |
| 30:51 | Storm Hammers |
| 30:52 | Gryphon Rider |
| 30:57 | Farm |
| 30:59 | Gryphon Rider |
| 31:30 | Town Hall |
| 32:16 | Gryphon Rider |
| 33:36 | Devotion Aura |
| 33:37 | Divine Shield |
| Select | 534 |
| Right click | 435 |
| Build/train/purchase | 104 |
| Misc. action | 35 |
| Chat | 13 |
| Use ability | 12 |
| Minimap ping | 3 |
| Remove unit | 2 |
⇛